 Dungeon Crawl Stone Soup version 0.21-a0-346-g330ab2c (webtiles) character file.

37607 Amnesiac the Geomancer (level 13, 0/99 HPs)
             Began as a Gnoll Earth Elementalist on Oct 5, 2017.
             Was an Elder of Ashenzari.
             Succumbed to barbed spike wounds
             ... on level 14 of the Dungeon.
             The game lasted 00:36:27 (15235 turns).

Amnesiac the Geomancer (Gnoll Earth Elementalist)  Turns: 15235, Time: 00:36:27

Health: 0/99       AC:  0    Str: 12    XL:     13   Next: 97%
Magic:  8/27       EV: 23    Int: 22    God:    Ashenzari [****..]
Gold:   1295       SH:  0    Dex: 15    Spells: 11/32 levels left

rFire    . . .     SeeInvis +     - Unarmed
rCold    . . .     Gourm    .   (shield currently unavailable)
rNeg     . . .     Faith    +   (armour currently unavailable)
rPois    .         Spirit   .   (helmet currently unavailable)
rElec    .         Reflect  .   (cloak currently unavailable)
rCorr    .         Harm     .   (gloves currently unavailable)
MR       .....     Clarity  +   (boots currently unavailable)
Stlth    +++++.....             O - amulet of faith (curse)
HPRegen  0.26/turn              (ring currently unavailable)
MPRegen  0.20/turn              (ring currently unavailable)

@: pig-form, barbed spikes, slowed, studying Axes
A: distributed training, strong nose
a: Curse Item, Scrying, Renounce Religion


You were on level 14 of the Dungeon.
You worshipped Ashenzari.
Ashenzari was greatly pleased with you.
You were not hungry.
You were a filthy swine.
You visited 2 branches of the dungeon, and saw 15 of its levels.

You collected 1295 gold pieces.

Inventory:

Hand Weapons
 a - a +3 dagger of speed (melded)
 j - a +1 dagger of venom
 R - a +1 dagger of freezing
Missiles
 m - 264 stones (quivered)
 B - 53 poisoned needles
 L - a throwing net
 S - 12 curare-tipped needles
Armour
 b - the cursed +0 pair of boots of the Everdark (melded) {Dex+5}
   (You acquired it on level 14 of the Dungeon)

   It affects your dexterity (+5).
   It has a curse placed upon it.
 l - a cursed +0 cloak (melded)
 r - a +0 buckler (melded)
 F - +0 steam dragon scales (melded)
 T - a +0 robe of fire resistance
 X - a cursed +0 helmet (melded)
Magical Staves
 J - an uncursed staff of conjuration
Jewellery
 e - a ring of protection from fire (melded)
 M - a cursed ring of flight (melded)
 O - a cursed amulet of faith (around neck)
 Y - an uncursed ring of protection from cold
Wands
 p - a wand of iceblast (8/15)
 u - a wand of paralysis (0/24)
 C - a wand of paralysis (13/24)
 G - a wand of iceblast (9/15)
 I - a wand of confusion (31/48)
 N - a wand of lightning (6/15)
 U - a wand of acid (5/15)
Scrolls
 c - 3 scrolls of identify {!r}
 f - 3 scrolls of remove curse {!r}
 i - 6 scrolls of fog {!r}
 k - 2 scrolls of magic mapping {!r}
 n - 3 scrolls of recharging {!r}
 o - 3 scrolls of enchant weapon {!r}
 y - 4 scrolls of enchant armour {!r}
 z - 3 scrolls of amnesia {!r}
 A - 8 scrolls of teleportation {!r}
 E - 3 scrolls of fear {!r}
Potions
 h - 2 potions of flight {!q, unknown}
 q - 8 potions of curing {!q, unknown}
 s - 2 potions of might {!q}
 t - 3 potions of lignification {!q, unknown}
 v - 2 potions of heal wounds {!q, unknown}
 w - 5 potions of cancellation {!q, unknown}
 H - a potion of haste {!q}
 P - a potion of resistance {!q, unknown}
 Q - a potion of brilliance {!q}
 V - a potion of degeneration {!q}
Books
 D - a manual of Axes
Comestibles
 d - 7 bread rations
 g - 10 royal jellies
 x - 9 meat rations
 K - 4 chunks of flesh
 Z - 3 fruits


   Skills:
 + Level 8.6 Fighting
 + Level 8.6 Short Blades
 + Level 8.6 Long Blades
 + Level 10.2 Axes
 + Level 8.6 Maces & Flails
 + Level 8.6 Polearms
 + Level 8.6 Staves
 + Level 8.6 Slings
 + Level 8.6 Bows
 + Level 8.6 Crossbows
 + Level 8.6 Throwing
 + Level 8.6 Armour
 + Level 9.8(11.9) Dodging
 + Level 9.6(11.7) Stealth
 + Level 8.6 Shields
 + Level 8.6 Unarmed Combat
 + Level 10.0 Spellcasting
 + Level 8.6(10.8) Conjurations
 + Level 8.6(10.8) Hexes
 + Level 8.6(10.8) Charms
 + Level 8.6(10.8) Summonings
 + Level 8.6(10.8) Necromancy
 + Level 8.6(10.8) Translocations
 + Level 9.0(11.2) Transmutations
 + Level 8.6(10.8) Fire Magic
 + Level 8.6(10.8) Ice Magic
 + Level 8.6(10.8) Air Magic
 + Level 10.7(12.8) Earth Magic
 + Level 8.6(10.8) Poison Magic
 + Level 8.6 Invocations
 + Level 8.6(10.8) Evocations


You had 11 spell levels left.
You knew the following spells:

 Your Spells              Type           Power        Failure   Level  Hunger
a - Sandblast             Erth           ######       1%          1    None
b - Passwall              Tmut/Erth      ######....   1%          2    None
c - Dispersal             Tloc           ######....   11%         6    ######.
d - Lee's Rapid Deconstr  Erth           ######....   1%          5    ####...
e - Petrify               Tmut/Erth      ######..     1%          4    ##.....
f - Confuse               Hex            ######..     1%          3    None


Dungeon Overview and Level Annotations

Branches:
Dungeon (14/15)            Temple (1/1) D:5            Lair (0/6) D:8
    Orc (0/2) D:10         Vaults (0/5) D:14

Altars:
Ashenzari
Cheibriados
Dithmenos
Elyvilon
Fedhas
Gozag
Hepliaklqana
Kikubaaqudgha
Makhleb
Nemelex Xobeh
Okawaru
Qazlal
Ru
Sif Muna
Trog
Uskayaw
Vehumet
Wu Jian
Xom
Yredelemnul
Zin
The Shining One

Shops:
D:14 [

Annotations:
D:7 exclusion: oklob plant
D:10 1 runed door
D:14 Kirke


Innate Abilities, Weirdness & Mutations

Your experience applies equally to all skills.
((You have very sharp teeth.))
Your uncanny sense of smell can sniff out nearby items.


Message History

Kirke resists with almost no effort.
Unknown command.
Casting: Petrify
Confirm with . or Enter, or press ? or * to list all spells.
Aiming: Petrify
Press: ? - help, Shift-Dir - straight line, f/p - Kirke
Aim: Kirke (chance to defeat MR: 13%) Kirke resists with almost no effort.
Kirke closely misses you.
Unknown command.
Casting: Petrify
Confirm with . or Enter, or press ? or * to list all spells.
Aiming: Petrify
Press: ? - help, Shift-Dir - straight line, f/p - Kirke
Aim: Kirke (chance to defeat MR: 13%) Kirke resists with almost no effort.
Kirke misses you.
Kirke mumbles some strange words.
Kirke summons a manticore!
Unknown command.
Casting: Petrify
Confirm with . or Enter, or press ? or * to list all spells.
Aiming: Petrify
Press: ? - help, Shift-Dir - straight line, f/p - Kirke
Aim: Kirke (chance to defeat MR: 13%) Kirke is moving more slowly.
You block Kirke's attack.
Unknown command.
Kirke hits you! Kirke barely misses you. Kirke hits you.
The manticore bites you. The manticore completely misses you.
You block the manticore's attack.
There is a stone staircase leading down, spattered with blood here.
Kirke casts a spell at you.
You turn into a filthy swine.
Kirke stops moving altogether!
The manticore bites you. The manticore closely misses you.
The manticore claws you!
Okay, then.
There is an open door here.
The manticore flicks its tail.
The volley of spikes hits you!
The barbed spikes become lodged in your body.
The barbs in your skin will harm you if you move.
Continue?
The barbed spikes dig painfully into your body as you move.
* * * LOW HITPOINT WARNING * * *
The barbed spikes dig painfully into your body as you move.
* * * LOW HITPOINT WARNING * * *
The manticore flicks its tail.
The volley of spikes misses you.
The barbed spikes dig painfully into your body as you move.
* * * LOW HITPOINT WARNING * * *
The barbed spikes dig painfully into your body as you move.
* * * LOW HITPOINT WARNING * * *
The barbed spikes dig painfully into your body as you move.
* * * LOW HITPOINT WARNING * * *
The barbed spikes dig painfully into your body as you move.
* * * LOW HITPOINT WARNING * * *
The barbed spikes dig painfully into your body as you move.
* * * LOW HITPOINT WARNING * * *
The barbed spikes dig painfully into your body as you move.
* * * LOW HITPOINT WARNING * * *
The barbed spikes dig painfully into your body as you move.
* * * LOW HITPOINT WARNING * * *
The manticore flicks its tail.
The volley of spikes misses you.
There is an open door here.
The barbed spikes dig painfully into your body as you move.
You die...

.##........# #.# .########'## #.#
## #.# #.# # #{# #.# # #H#
#####'#### ### # ###.#
##........# ###.. #
#...#####.........#####.'.)
#######....H...'....)...'.....#..
'........#######h.......#######..
#######.## #..<.....# #.. # #.#
#####'#### ### # #.# #..# # # #.#
#.## # #####'##### ##.# #
#.........# #..# # #.###.###.#
#.## ## #...#...#.# ###'#########
#.


You could see a manticore.

Vanquished Creatures
  4 hydras
  8 vault guards (D:14)
  A catoblepas (D:14)
  A death knight (D:12)
  2 centaur warriors
  3 two-headed ogres
  The ghost of Amnesiac the Digger, a novice GnEE of Ashenzari (D:6)
  The ghost of zero the Cleaver, a novice MiBe of Trog (D:8)
  2 unseen horrors
  A wizard (D:14)
  The ghost of Amnesiac the Digger, a novice GnEE (D:5)
  The ghost of zero the Chopper, a novice DDFi of Makhleb (D:7)
  2 deep elf magi (D:14)
  An orc knight (D:10)
  A manticore (D:12)
  A cyclops (shapeshifter) (D:13)
  2 ugly things
  4 cyclopes
  A moth of wrath (D:3)
  A gargoyle (D:12)
  A queen bee (D:8)
  2 trolls
  5 slime creatures
  2 hornets
  5 hippogriffs
  A vampire (D:13)
  3 wraiths
  2 steam dragons (D:5)
  5 wyverns
  5 hogs (D:14)
  A hungry ghost (D:8)
  6 vampire mosquitoes
  3 wargs
  2 ice beasts
  7 sky beasts
  A black bear (D:12)
  A necrophage (D:13)
  8 ogres
  6 orc warriors
  5 phantoms
  A boggart (shapeshifter) (D:13)
  A crocodile (D:10)
  13 centaurs
  A big kobold (shapeshifter) (D:13)
  6 bullfrogs
  2 scorpions
  A killer bee (shapeshifter) (D:14)
  A water moccasin skeleton (D:8)
  5 jellies
  21 killer bees
  13 wights
  6 howler monkeys
  An electric eel (D:6)
  A bullfrog zombie (D:12)
  10 crimson imps
  A quasit (D:13)
  A bullfrog skeleton (D:10)
  5 centaur zombies
  9 orc priests
  7 hounds
  2 iguanas
  Terence (D:3)
  11 orc wizards
  16 worker ants
  2 howler monkey skeletons
  12 adders
  2 shadow imps
  3 oozes
  An adder skeleton (D:9)
  6 worms
  2 leopard geckos
  32 orcs
  2 giant cockroaches (D:1)
  11 goblins
  2 hobgoblins (D:1)
  14 jackals
  2 quokkas
  5 bats
  7 frilled lizards
  A jackal zombie (D:8)
  6 kobolds
  A leopard gecko zombie (D:7)
  2 quokka skeletons
  6 rats
  A bush (D:2)
  2 fungi
368 creatures vanquished.

Vanquished Creatures (others)
  11 toadstools (D:7)
11 creatures vanquished.

Grand Total: 379 creatures vanquished

Notes
Turn   | Place    | Note
-------+----------+-------------------------------------------
     0 | D:1      | Amnesiac the Gnoll Earth Elementalist began the quest for the Orb.
     0 | D:1      | Reached XP level 1. HP: 13/13 MP: 6/6
   325 | D:2      | Found a burning altar of Makhleb.
   325 | D:2      | Noticed a cacodemon
   328 | D:2      | Reached XP level 2. HP: 20/20 MP: 4/7
   338 | D:3      | Learned a level 2 spell: Passwall
   448 | D:3      | Found a bloodstained altar of Trog.
   448 | D:3      | Noticed a moth of wrath
   493 | D:3      | Reached skill level 5 in Spellcasting
   493 | D:3      | Reached XP level 3. HP: 25/25 MP: 4/9
   680 | D:4      | Reached skill level 1 in Fighting
   680 | D:4      | Reached skill level 1 in Short Blades
   680 | D:4      | Reached skill level 1 in Long Blades
   680 | D:4      | Reached skill level 1 in Axes
   680 | D:4      | Reached skill level 1 in Maces & Flails
   680 | D:4      | Reached skill level 1 in Polearms
   680 | D:4      | Reached skill level 1 in Staves
   680 | D:4      | Reached skill level 1 in Slings
   680 | D:4      | Reached skill level 1 in Bows
   680 | D:4      | Reached skill level 1 in Crossbows
   680 | D:4      | Reached skill level 1 in Throwing
   680 | D:4      | Reached skill level 1 in Armour
   680 | D:4      | Reached skill level 1 in Shields
   680 | D:4      | Reached skill level 1 in Unarmed Combat
   680 | D:4      | Reached skill level 1 in Conjurations
   680 | D:4      | Reached skill level 1 in Hexes
   680 | D:4      | Reached skill level 1 in Charms
   680 | D:4      | Reached skill level 1 in Summonings
   680 | D:4      | Reached skill level 1 in Necromancy
   680 | D:4      | Reached skill level 1 in Translocations
   680 | D:4      | Reached skill level 1 in Fire Magic
   680 | D:4      | Reached skill level 1 in Ice Magic
   680 | D:4      | Reached skill level 1 in Air Magic
   680 | D:4      | Reached skill level 1 in Poison Magic
   680 | D:4      | Reached skill level 1 in Invocations
   680 | D:4      | Reached skill level 1 in Evocations
   680 | D:4      | Reached XP level 4. HP: 28/32 MP: 8/11
   684 | D:4      | Found a shadowy altar of Dithmenos.
   692 | D:4      | Learned a level 4 spell: Petrify
   718 | D:4      | Noticed an ogre
   733 | D:4      | Killed an ogre
   733 | D:4      | Reached XP level 5. HP: 37/37 MP: 4/12
   870 | D:4      | Noticed a centaur
   889 | D:4      | Reached XP level 6. HP: 44/44 MP: 9/13
   904 | D:4      | Learned a level 5 spell: Lee's Rapid Deconstruction
   919 | D:4      | Reached skill level 5 in Dodging
  1235 | D:4      | Found an ancient bone altar of Kikubaaqudgha.
  1545 | D:5      | Entered Level 5 of the Dungeon
  1626 | D:5      | Found a staircase to the Ecumenical Temple.
  1631 | D:5      | Reached XP level 7. HP: 50/50 MP: 10/15
  1639 | Temple   | Entered the Ecumenical Temple
  1806 | D:3      | Noticed Terence
  1826 | D:2      | Found a glowing silver altar of Zin.
  1826 | D:2      | Noticed an angel
  1970 | D:2      | Found a shattered altar of Ashenzari.
  1972 | D:2      | Found an iron altar of Okawaru.
  1978 | D:2      | Became a worshipper of Ashenzari the Shackled
  2785 | D:2      | Found a glowing golden altar of the Shining One.
  3137 | D:3      | Killed a moth of wrath
  3137 | D:3      | Reached skill level 5 in Stealth
  3137 | D:3      | Reached XP level 8. HP: 57/57 MP: 0/16
  3241 | D:3      | Found a hazy altar of Hepliaklqana.
  3287 | D:3      | Found an opulent altar of Gozag.
  3404 | D:3      | Killed Terence
  3837 | D:5      | Reached * piety under Ashenzari
  3910 | D:5      | Noticed a hippogriff
  3919 | D:5      | Killed a hippogriff
  4076 | D:5      | Noticed Amnesiac's ghost (novice GnEE)
  4083 | D:5      | Killed Amnesiac's ghost
  4083 | D:5      | Reached XP level 9. HP: 59/65 MP: 12/18
  5103 | D:6      | Reached skill level 5 in Transmutations
  5139 | D:6      | Noticed a troll
  5146 | D:6      | Killed a troll
  5422 | D:6      | Noticed Amnesiac's ghost (novice GnEE)
  5428 | D:6      | Killed Amnesiac's ghost
  5428 | D:6      | Reached XP level 10. HP: 73/73 MP: 5/20
  6117 | D:7      | Reached skill level 5 in Fighting
  6117 | D:7      | Reached skill level 5 in Short Blades
  6117 | D:7      | Reached skill level 5 in Long Blades
  6117 | D:7      | Reached skill level 5 in Axes
  6117 | D:7      | Reached skill level 5 in Maces & Flails
  6117 | D:7      | Reached skill level 5 in Polearms
  6117 | D:7      | Reached skill level 5 in Staves
  6117 | D:7      | Reached skill level 5 in Slings
  6117 | D:7      | Reached skill level 5 in Bows
  6117 | D:7      | Reached skill level 5 in Crossbows
  6117 | D:7      | Reached skill level 5 in Throwing
  6117 | D:7      | Reached skill level 5 in Armour
  6117 | D:7      | Reached skill level 5 in Shields
  6117 | D:7      | Reached skill level 5 in Unarmed Combat
  6117 | D:7      | Reached skill level 5 in Conjurations
  6117 | D:7      | Reached skill level 5 in Hexes
  6117 | D:7      | Reached skill level 5 in Charms
  6117 | D:7      | Reached skill level 5 in Summonings
  6117 | D:7      | Reached skill level 5 in Necromancy
  6117 | D:7      | Reached skill level 5 in Translocations
  6117 | D:7      | Reached skill level 5 in Fire Magic
  6117 | D:7      | Reached skill level 5 in Ice Magic
  6117 | D:7      | Reached skill level 5 in Air Magic
  6117 | D:7      | Reached skill level 5 in Poison Magic
  6117 | D:7      | Reached skill level 5 in Invocations
  6117 | D:7      | Reached skill level 5 in Evocations
  6148 | D:7      | Found an ornate altar of the Wu Jian Council.
  6186 | D:7      | Found a blossoming altar of Fedhas.
  6189 | D:7      | Noticed zero's ghost (novice DDFi)
  6199 | D:7      | Killed zero's ghost
  6203 | D:7      | Noticed an oklob plant
  7257 | D:8      | Noticed zero's ghost (novice MiBe)
  7265 | D:8      | Killed zero's ghost
  7615 | D:8      | Found a staircase to the Lair.
  7626 | D:8      | Found a radiant altar of Vehumet.
  8079 | D:9      | Reached ** piety under Ashenzari
  8093 | D:9      | Reached XP level 11. HP: 81/81 MP: 13/22
  8451 | D:9      | Found an ornate altar of the Wu Jian Council.
  8998 | D:10     | Entered Level 10 of the Dungeon
  9029 | D:10     | Found a staircase to the Orcish Mines.
  9189 | D:10     | Noticed a cyan ugly thing
  9201 | D:10     | Killed a cyan ugly thing
  9615 | D:10     | Found a large runed door.
  9616 | D:10     | Found a large runed door.
  9687 | D:10     | Killed a centaur warrior
  9690 | D:10     | Found a large runed door.
  9690 | D:10     | Found a large runed door.
  9763 | D:10     | Learned a level 6 spell: Dispersal
  9767 | D:10     | Learned a level 3 spell: Confuse
  9801 | D:10     | Noticed an orc knight
  9820 | D:10     | Killed an orc knight
  9885 | D:10     | Noticed a cyclops
  9885 | D:10     | Killed a cyclops
 10030 | D:11     | Identified a paperback manual
 10283 | D:11     | Reached *** piety under Ashenzari
 10494 | D:11     | Found a shimmering altar of Xom.
 10497 | D:11     | Identified the amulet "Eqil" {rPois rN+ Regen+}
 10956 | D:12     | Noticed a purple ugly thing
 10966 | D:12     | Killed a purple ugly thing
 10993 | D:12     | Reached XP level 12. HP: 89/89 MP: 9/24
 11086 | D:12     | Noticed a death knight
 11568 | D:12     | Killed a death knight
 12046 | D:13     | Noticed a seven-headed hydra
 12081 | D:13     | Noticed an eight-headed hydra
 12369 | D:14     | Noticed a two-headed ogre
 12376 | D:14     | Killed a two-headed ogre
 12491 | D:14     | Found a gate to the Vaults.
 12491 | D:14     | Noticed a vault guard
 12491 | D:14     | Noticed a vault guard
 12491 | D:14     | Noticed a vault guard
 12498 | D:14     | Noticed a vault guard
 12498 | D:14     | Noticed a vault guard
 12498 | D:14     | Noticed a vault guard
 12498 | D:14     | Noticed a vault guard
 12498 | D:14     | Noticed a vault guard
 12498 | D:14     | Reached skill level 10 in Earth Magic
 12507 | D:14     | Killed a vault guard
 12519 | D:14     | Killed a vault guard
 12562 | D:14     | Killed a vault guard
 12612 | D:14     | Killed a vault guard
 12612 | D:14     | Reached XP level 13. HP: 87/98 MP: 2/26
 12638 | D:14     | Killed a vault guard
 12670 | D:14     | Killed a vault guard
 12791 | D:14     | Noticed Kirke
 12907 | D:14     | Got the cursed ring mail of Wonder {Dex+2}
 13097 | D:14     | Found Pemevi's Armour Shop.
 13142 | D:13     | Reached **** piety under Ashenzari
 14733 | D:14     | Identified a scroll of acquirement {!r}
 14734 | D:14     | Got the cursed pair of boots of the Everdark {Dex+5}
 14740 | D:14     | Identified the cursed +0 pair of boots of the Everdark {Dex+5} (You acquired it on level 14 of the Dungeon)
 14786 | D:14     | Killed a vault guard
 14786 | D:14     | Reached skill level 10 in Axes
 14873 | D:14     | Killed a vault guard
 15136 | D:14     | Reached skill level 10 in Spellcasting
 15235 | D:14     | Succumbed to barbed spike wounds

Vault maps used:
D:1:      dpeg_arrival_stone_temple_mockup
D:2:      grunt_temple_overflow_order_and_chaos_2,
          chequers_temple_overflow_statue_of_worship,
          nicolae_overflow_hidden_temple, serial_forest,
          infiniplex_forest_clump_double, infiniplex_forest_clump_curved,
          infiniplex_forest_lined_4_way, infiniplex_forest_clump_large,
          infiniplex_forest_corner_1, infiniplex_forest_clump_large,
          infiniplex_forest_end_3, kennysheep_nondescript
D:3:      marbit_many_paths, tgw_trog,
          nicolae_gozag_cash_rules_everything_around_me, uniq_terence
D:4:      old_standard_altar, lemuel_round_altar, first_bread
D:5:      kennysheep_steamy, minmay_temple_entry_hall
D:6:      minmay_gold_behind_fungi, lightli_minifort
D:7:      tgw_fedhas, basic_altar
D:8:      kennysheep_mini_moat, erik_lair_orcish_takeover
D:9:      lemuel_coloured_pillars_altar, david_nohive_1, serial_park_tiny_pond
D:10:     david_orc_3, minmay_hollow_rounded_squares
D:11:     basic_altar
D:12:     hangedman_cross_stitches
D:14:     erik_vaults_2, serial_shops, shop, uniq_kirke
Temple:   jpeg_temple_island

Skill      XL: |  1  2  3  4  5  6  7  8  9 10 11 12 13 |
---------------+----------------------------------------+-----
Spellcasting   | 5 6 7 8 9 10 | 10.0
Fighting       | 1 2 3 4 5 6 7 8 |  8.6
Short Blades   | 1 2 3 4 5 6 7 8 |  8.6
Long Blades    | 1 2 3 4 5 6 7 8 |  8.6
Axes           | 1 2 3 4 5 6 8 10 | 10.2
Maces & Flails | 1 2 3 4 5 6 7 8 |  8.6
Polearms       | 1 2 3 4 5 6 7 8 |  8.6
Staves         | 1 2 3 4 5 6 7 8 |  8.6
Slings         | 1 2 3 4 5 6 7 8 |  8.6
Bows           | 1 2 3 4 5 6 7 8 |  8.6
Crossbows      | 1 2 3 4 5 6 7 8 |  8.6
Throwing       | 1 2 3 4 5 6 7 8 |  8.6
Armour         | 1 2 3 4 5 6 7 8 |  8.6
Shields        | 1 2 3 4 5 6 7 8 |  8.6
Unarmed Combat | 1 2 3 4 5 6 7 8 |  8.6
Conjurations   | 1 2 3 4 5 6 7 8 |  8.6
Hexes          | 1 2 3 4 5 6 7 8 |  8.6
Charms         | 1 2 3 4 5 6 7 8 |  8.6
Summonings     | 1 2 3 4 5 6 7 8 |  8.6
Necromancy     | 1 2 3 4 5 6 7 8 |  8.6
Translocations | 1 2 3 4 5 6 7 8 |  8.6
Fire Magic     | 1 2 3 4 5 6 7 8 |  8.6
Ice Magic      | 1 2 3 4 5 6 7 8 |  8.6
Air Magic      | 1 2 3 4 5 6 7 8 |  8.6
Poison Magic   | 1 2 3 4 5 6 7 8 |  8.6
Invocations    | 1 2 3 4 5 6 7 8 |  8.6
Evocations     | 1 2 3 4 5 6 7 8 |  8.6
Transmutations | 3 4 5 6 7 8 9 |  9.0
Dodging        | 5 6 7 8 9 |  9.8
Earth Magic    | 7 8 9 10 | 10.7
Stealth        | 5 6 7 8 9 |  9.6

Action                   |  1- 3 |  4- 6 |  7- 9 | 10-12 | 13-15 || total
-------------------------+-------+-------+-------+-------+-------++-------
Melee: Unarmed           |    29 |       |       |       |       ||    29
       Bite              |     4 |       |    30 |    44 |    27 ||   105
       Dagger            |    11 |    13 |    89 |   369 |   194 ||   676
       Spear             |       |       |   168 |       |       ||   168
Throw: Stone             |       |       |       |     1 |       ||     1
 Cast: Sandblast         |    19 |    22 |    29 |    68 |     6 ||   144
       Passwall          |     3 |     5 |    11 |    18 |     1 ||    38
       Petrify           |       |     3 |    12 |   100 |    75 ||   190
       Lee's Rapid Decon |       |     1 |     8 |    32 |     5 ||    46
       Confuse           |       |       |       |       |     6 ||     6
       Dispersal         |       |       |       |       |     6 ||     6
Invok: Curse Item        |       |       |       |     2 |     2 ||     4
Evoke: Wand              |       |       |       |     6 |     1 ||     7
  Use: Scroll            |       |       |       |    17 |     2 ||    19
 Stab: Sleeping          |     4 |     4 |    18 |    36 |     2 ||    64
       Petrified         |       |     3 |    10 |    64 |    54 ||   131
       Petrifying        |       |       |     2 |    21 |    20 ||    43
       Paralysed         |       |       |       |     4 |       ||     4
       Confused          |       |       |       |       |     2 ||     2
  Eat: Chunk             |       |     1 |    16 |    35 |    14 ||    66
       Royal jelly       |       |       |     1 |     1 |       ||     2
       Fruit             |       |       |       |       |     1 ||     1
Armor: Robe              |     7 |       |     4 |       |       ||    11
       Steam dragon scal |       |       |     2 |    38 |    23 ||    63
Dodge: Dodged            |    31 |    16 |    69 |   202 |   116 ||   434
Block: Buckler           |       |     2 |    15 |    73 |    32 ||   122

Table legend:
 A = Spawn XP
 B = Non-spawn XP
 C = Spawn XP percentage of total XP
 D = Spawn monster count
 E = Non-spawn monster count
 F = Spawn count percentage of total count
 G = Total turns spent on level
                    A         B        C        D         E        F      G
               +---------+---------+-------+---------+---------+-------+---------
         Total |       0 |   53725 |   0.0 |       0 |     365 |   0.0 | 15235
               +---------+---------+-------+---------+---------+-------+---------
           D:1 |       0 |      30 |   0.0 |       0 |      18 |   0.0 |   760
           D:2 |       0 |     100 |   0.0 |       0 |      17 |   0.0 |   805
           D:3 |       0 |     567 |   0.0 |       0 |      25 |   0.0 |   798
           D:4 |       0 |     470 |   0.0 |       0 |      20 |   0.0 |   979
           D:5 |       0 |    1741 |   0.0 |       0 |      17 |   0.0 |  1405
           D:6 |       0 |    2189 |   0.0 |       0 |      31 |   0.0 |  1023
           D:7 |       0 |    1504 |   0.0 |       0 |      14 |   0.0 |  1314
           D:8 |       0 |    2739 |   0.0 |       0 |      34 |   0.0 |  1111
           D:9 |       0 |    2559 |   0.0 |       0 |      38 |   0.0 |   738
          D:10 |       0 |    4762 |   0.0 |       0 |      31 |   0.0 |  1047
          D:11 |       0 |    1101 |   0.0 |       0 |      16 |   0.0 |  1037
          D:12 |       0 |    6715 |   0.0 |       0 |      33 |   0.0 |  1253
          D:13 |       0 |    9991 |   0.0 |       0 |      32 |   0.0 |  1226
          D:14 |       0 |   19257 |   0.0 |       0 |      39 |   0.0 |  1674
               +---------+---------+-------+---------+---------+-------+---------
